 Dungeon Crawl Stone Soup version 0.22.1-1-ga44c0e5 (webtiles) character file.

162154 empire the Fencer (level 17, -8/154 HPs)
             Began as a Minotaur Fighter on Oct 31, 2018.
             Was the Champion of Cheibriados.
             Killed from afar by Nikola (29 damage)
             ... with a chain lightning
             ... on level 2 of the Shoals on Nov 2, 2018.
             The game lasted 01:16:50 (26831 turns).

empire the Fencer (Minotaur Fighter)               Turns: 26831, Time: 01:16:51

Health: -8/154     AC: 20    Str: 40    XL:     17   Next: 21%
Magic:  23/23      EV: 28    Int: 22    God:    Cheibriados [******]
Gold:   2870       SH: 24    Dex: 26    Spells: 8/25 levels left

rFire    . . .     SeeInvis .   a - +9 sword of Zonguldrok {reap}
rCold    . . .     Gourm    .   l - +2 shield {reflect}
rNeg     . . .     Faith    .   h - +2 scale mail {MR+}
rPois    .         Spirit   .   A - +2 hat
rElec    .         Reflect  +   j - +2 cloak
rCorr    .         Harm     .   e - +0 pair of gloves
MR       ++...                  x - +0 pair of boots
Stlth    +.........             L - +5 amulet of reflection
HPRegen  0.35/turn              i - +3 ring of evasion
MPRegen  0.18/turn              J - ring of wizardry

@: very slow
A: retaliatory headbutt, horns 2
a: Bend Time, Temporal Distortion, Slouch, Step From Time, Renounce Religion


You were on level 2 of the Shoals.
You worshipped Cheibriados.
Cheibriados was exalted by your worship.
You were near starving.

You visited 6 branches of the dungeon, and saw 27 of its levels.
You visited the Abyss 1 time.
You also visited: Sewer and Ice Cave.

You collected 2870 gold pieces.

Inventory:

Hand Weapons
 a - the +9 sword of Zonguldrok (weapon) {reap}
   (You found it on level 12 of the Dungeon)

   If a monster killed with it leaves a corpse in good enough shape, the corpse
   will be animated as a zombie friendly to the killer.
 b - the +10 falchion of the Old World {elec, rPois Dex+3}
   (You found it on level 1 of the Lair of Beasts)

   Occasionally, upon striking a foe, it will discharge some electrical energy
   and cause terrible harm.
   It affects your dexterity (+3).
   It protects you from poison.
 G - a +2 scimitar of flaming
Armour
 e - a +0 pair of gloves (worn)
 h - a +2 scale mail of magic resistance (worn)
 j - a +2 cloak (worn)
 l - a +2 shield of reflection (worn)
 x - a +0 pair of boots (worn)
 A - a +2 hat (worn)
Jewellery
 i - a +3 ring of evasion (left hand)
 y - a cursed -3 ring of intelligence {unknown}
 E - an uncursed ring of protection from fire {unknown}
 J - a ring of wizardry (right hand)
 L - a +5 amulet of reflection (around neck)
 R - an uncursed ring of resist corrosion {unknown}
Wands
 c - a wand of digging (11)
 m - a wand of clouds (5)
 t - a wand of flame (108)
 w - a wand of paralysis (36)
 M - a wand of disintegration (53)
 V - a wand of enslavement (20)
 Y - a wand of acid (8)
Scrolls
 g - a scroll of noise
 n - 2 scrolls of enchant weapon
 r - 10 scrolls of teleportation
 s - 14 scrolls of remove curse
 z - 2 scrolls of identify
 N - 3 scrolls of amnesia
 T - 2 scrolls of fear
 W - 2 scrolls of immolation
Potions
 d - 4 potions of might
 k - 7 potions of curing
 o - a potion of magic
 p - 2 potions of lignification
 C - 2 potions of invisibility
 D - 6 potions of flight
 I - a potion of ambrosia {unknown}
 K - a potion of resistance
 S - 5 potions of cancellation {unknown}
Miscellaneous
 q - a crystal ball of energy
 v - a phial of floods
 B - a phantom mirror
 H - a sack of spiders
 O - a lightning rod (4/4)
 U - a phial of floods
 X - a phial of floods
Comestibles
 f - 42 rations


   Skills:
 + Level 14.3 Fighting
 - Level 16.0 Long Blades
 + Level 14.4 Armour
 + Level 14.0 Dodging
 + Level 14.2 Shields
 + Level 4.7 Spellcasting
 - Level 5.0 Translocations
 + Level 4.9 Transmutations
 + Level 5.0 Earth Magic
 + Level 5.9 Invocations
 + Level 5.3 Evocations


You had 8 spell levels left.
You knew the following spells:

 Your Spells              Type           Power        Failure   Level  Hunger
a - Blink                 Tloc           N/A          1%          2    None
b - Shatter               Erth           ####......   100%        9    #######
c - Statue Form           Tmut/Erth      ####.....    75%         6    #######

Your spell library contained the following spells:

 Spells                   Type           Power        Failure   Level  Hunger
 Beastly Appendage        Tmut           ####..       1%          1    None
 Sticks to Snakes         Tmut           ####....     1%          2    None
 Gell's Gravitas          Tloc           ####......   2%          3    ##.....
 Confusing Touch          Hex            #.....       7%          1    None
 Magic Dart               Conj           #...         7%          1    None
 Summon Small Mammal      Summ           #...         7%          1    None
 Spider Form              Tmut/Pois      ###.......   8%          3    ##.....
 Petrify                  Tmut/Erth      ####....     9%          4    ####...
 Call Imp                 Summ           #.......     11%         2    None
 Searing Ray              Conj           #.....       11%         2    None
 Slow                     Hex            #.......     11%         2    None
 Call Canine Familiar     Summ           #.......     21%         3    ##.....
 Confuse                  Hex            #.......     21%         3    ##.....
 Conjure Flame            Conj/Fire      #.......     21%         3    ##.....
 Dazzling Spray           Conj/Hex       #.....       21%         3    ##.....
 Mephitic Cloud           Conj/Pois/Air  #.......     21%         3    ##.....
 Static Discharge         Conj/Air       #.......     21%         3    ##.....
 Summon Guardian Golem    Hex/Summ       #.......     21%         3    ##.....
 Force Lance              Conj/Tloc      ###.....     24%         4    ####...
 Ice Form                 Ice/Tmut       ###.....     24%         4    ####...
 Leda's Liquefaction      Hex/Erth       ###.......   24%         4    ####...
 Blade Hands              Tmut           ####......   24%         5    #####..
 Fulminant Prism          Conj/Hex       #.........   52%         4    ####...
 Iskenderun's Mystic Bla  Conj           #.......     52%         4    ####...
 Summon Ice Beast         Ice/Summ       #.......     52%         4    ####...
 Summon Lightning Spire   Summ/Air       #.......     52%         4    ####...
 Yara's Violent Unravell  Hex/Tmut       ###.......   52%         5    #####..
 Bolt of Magma            Conj/Fire/Erth ##........   65%         5    #####..
 Lightning Bolt           Conj/Air       #.........   86%         5    #####..
 Metabolic Englaciation   Hex/Ice        #.........   86%         5    #####..
 Iron Shot                Conj/Erth      ###.......   97%         6    #######
 Ignition                 Fire           #.........   100%        8    #######
 Tornado                  Air            #.........   100%        9    #######


Dungeon Overview and Level Annotations

Branches:
Dungeon (15/15)            Temple (1/1) D:5            Lair (6/6) D:10
 Shoals (2/4) Lair:2        Snake (0/4) Lair:3        Slime (0/5) Lair:5
    Orc (2/2) D:12            Elf (1/3) Orc:2        Vaults (0/5) D:13
 Depths (0/5) D:15

Altars:
Ashenzari
Cheibriados
Dithmenos
Elyvilon
Fedhas
Gozag
Hepliaklqana
Kikubaaqudgha
Makhleb
Nemelex Xobeh
Okawaru
Qazlal
Ru
Sif Muna
Trog
Uskayaw
Vehumet
Wu Jian
Xom
Yredelemnul
Zin
The Shining One
Beogh
Jiyva

Shops:
D:7 =   D:12 [   Orc:2 =([[

Portals:
Trove: D:11 (give 6 scrolls of blinking)

Annotations:
D:4 Duvessa
Shoals:2 Nikola


Innate Abilities, Weirdness & Mutations

You reflexively headbutt those who attack you in melee.
You have a pair of horns on your head.


Message History

The lightning arc hits you! You block the snapping turtle's attack.
You hear a shout! x5
Nikola raves, "Can you feel it? Can you feel it?
CAN YOU FEEL IT?"
The snapping turtle completely misses you.
You block the snapping turtle's attack.
Unknown command.
You completely miss Nikola.
Nikola is lightly wounded.
You block Nikola's attack. You block the snapping turtle's attack.
Unknown command.
You hit Nikola. You headbutt Nikola!
Nikola is lightly wounded.
Nikola gestures wildly while chanting.
You hear a mighty clap of thunder!
The lightning arc hits you!
* * * LOW HITPOINT WARNING * * *
The lightning arc hits Nikola.
The lightning arc hits you!
* * * LOW HITPOINT WARNING * * *
The lightning arc hits Nikola.
The lightning arc hits you!
You die...

.......≈## .....≈≈.###
...[.≈≈...≈
.......≈≈≈≈≈P≈ ..
##.≈≈$≈≈≈≈≈≈≈≈P≈≈≈≈≈ ≈..
#..≈....≈.≈≈≈≈≈≈≈≈≈≈
≈≈..#..@.##..P≈≈≈≈≈≈≈≈≈≈
≈≈.....@.##....P≈≈≈≈≈≈≈≈
≈≈........#.P≈≈≈PP(≈≈≈≈≈
≈≈.≈≈t≈..###P≈PPP≈≈≈≈≈≈≈
≈≈≈≈≈≈≈≈≈....≈P≈PP≈≈≈≈≈≈
≈≈≈≈≈≈≈≈≈≈.≈≈≈≈≈≈P(≈≈P≈≈
≈≈≈≈≈≈≈≈≈≈≈≈≈≈PP≈≈(≈PP≈P
≈≈≈≈≈≈≈≈≈≈≈≈≈≈≈≈≈≈).≈≈≈P
≈≈≈≈≈≈≈≈≈≈≈≈≈≈≈≈≈P..≈≈P≈
≈≈≈≈≈≈≈≈≈≈≈≈≈≈≈≈≈≈≈≈≈≈≈≈


You could see Nikola and a snapping turtle.

Vanquished Creatures
  2 bone dragons (Abyss:4)
  A profane servitor (Abyss:4)
  Rupert (Orc:2)
  Ilsuiw (Shoals:2)
  A deep elf sorcerer (Elf:1)
  3 orc warlords (Orc:2)
  2 deep elf elementalists (Elf:1)
  A dire elephant (Lair:6)
  A deep elf demonologist (Elf:1)
  A white draconian (IceCv)
  7 merfolk impalers
  A deep elf death mage (Elf:1)
  Josephine (D:12)
  5 hydras
  A vault guard (D:13)
  3 merfolk avatars
  A catoblepas (D:13)
  Erica (D:11)
  3 centaur warriors
  3 merfolk aquamancers (Shoals:1)
  6 dancing weapons (Elf:1)
  4 two-headed ogres
  5 death yaks
  2 orc high priests (Orc:2)
  A vampire mage (D:15)
  Sonja (Lair:4)
  Nergalle (D:10)
  6 deep elf knights (Elf:1)
  A wretched star (Abyss:4)
  A skeletal warrior (D:15)
  A sixfirhy (Abyss:4)
  3 sea snakes
  5 deep elf archers (Elf:1)
  A lindwurm (Lair:4)
  8 harpies
  2 orc knights (Orc:2)
  An iron dragon zombie (D:15)
  2 wizards (D:13)
  A necromancer (D:15)
  6 ugly things
  8 orc sorcerers (Orc:2)
  A wolf spider zombie (D:15)
  2 fauns (Shoals:1)
  A stone giant zombie (D:15)
  23 deep elf magi
  4 cyclopes
  5 manticores
  A worldbinder (Abyss:4)
  9 elephants (Lair:6)
  3 merfolk sirens
  A centaur zombie (D:11)
  20 spiny frogs
  3 smoke demons (Abyss:4)
  An ice statue (IceCv)
  3 black mambas
  An orange demon (Abyss:4)
  2 centaur skeletons (D:12)
  4 komodo dragons
  6 rime drakes
  A rime drake (shapeshifter) (D:12)
  A guardian mummy (D:15)
  A freezing wraith (D:14)
  2 yaktaurs
  An ancient zyme (Abyss:4)
  10 trolls
  A queen bee (Lair:4)
  3 meliai (Lair:4)
  20 polar bears
  10 merfolk
  5 hornets
  A wind drake (Lair:6)
  9 blink frogs
  8 slime creatures
  A snapping turtle (Shoals:1)
  8 hippogriffs
  11 dream sheep
  3 air elementals (Elf:1)
  A deep troll zombie (D:15)
  Sigmund (D:2)
  3 wyverns
  6 water elementals
  A deep troll skeleton (D:15)
  2 fire elementals (Elf:1)
  7 wraiths
  60 yaks
  15 humans (D:13)
  5 basilisks
  3 chaos spawn (Abyss:4)
  2 steam dragons (D:15)
  A hungry ghost (D:9)
  A soldier ant (D:14)
  6 nagas (Lair:3)
  2 wargs
  Edmund (D:4)
  3 acid dragons
  11 water moccasins
  8 porcupines
  2 eyes of draining
  3 large abominations (Abyss:4)
  38 orc warriors
  An ice beast (D:15)
  3 phantoms
  4 black bears
  4 sky beasts
  2 necrophages
  16 wolves
  7 centaurs
  14 crocodiles
  15 ogres
  4 big kobolds
  3 small abominations (Abyss:4)
  3 earth elementals (Elf:1)
  4 gnoll sergeants (D:12)
  17 bullfrogs
  A wyvern zombie (D:13)
  Dowan (D:4)
  5 scorpions
  39 killer bees
  14 wights
  7 howler monkeys
  4 crimson imps
  2 quasits
  9 hounds
  19 orc priests
  4 bullfrog skeletons
  2 iron imps (Abyss:4)
  5 jellies
  Terence (D:2)
  Jessica (D:3)
  Natasha (thrice) (D:3)
  3 iguanas
  24 orc wizards
  13 worker ants
  A hound zombie (D:10)
  2 worker ant zombies
  6 gnolls
  19 adders
  2 river rats (Lair:4)
  11 oozes
  An adder skeleton (D:4)
  6 worms
  2 dart slugs (D:1)
  21 leopard geckos
  112 orcs
  14 giant cockroaches
  11 hobgoblins
  16 jackals
  5 quokkas
  9 ball pythons
  19 bats
  16 frilled lizards
  2 goblins
  30 kobolds
  3 leopard gecko skeletons
  12 rats
  19 fungi
  47 plants
  A withered plant (D:13)
1115 creatures vanquished.

Vanquished Creatures (collateral kills)
  Louise (Shoals:1)
  A merfolk avatar (Shoals:1)
  A merfolk aquamancer (Shoals:1)
  2 death yaks (Lair:6)
  A deep elf archer (Elf:1)
  3 harpies (Shoals:1)
  An orc sorcerer (Orc:2)
  A manticore (Shoals:1)
  2 fauns (Shoals:1)
  A merfolk siren (Shoals:1)
  An elephant (Lair:6)
  A spiny frog (Lair:6)
  A centaur skeleton (D:14)
  A yaktaur (D:13)
  A merfolk (Shoals:1)
  A troll (D:12)
  A dream sheep (Shoals:1)
  2 blink frogs (Lair:6)
  A water elemental (Shoals:1)
  5 yaks (IceCv)
  A basilisk (D:13)
  2 humans (D:13)
  2 orc warriors (Orc:2)
  2 wolves (Lair:1)
  4 ogres
  A crocodile (Lair:1)
  2 orc wizards (Orc:2)
  An orc priest (Orc:1)
  A gnoll (D:12)
  14 orcs
  A bat (Orc:1)
  A fungus (Lair:1)
  2 plants (Lair:6)
63 creatures vanquished.

Vanquished Creatures (others)
  A centaur warrior (D:13)
  A deep elf knight (Elf:1)
  A deep elf archer (Elf:1)
  A merfolk (Shoals:1)
  3 water elementals
  An orc warrior (Orc:2)
  2 orcs (Orc:2)
  A bush (Lair:6)
  49 fungi
  40 plants
100 creatures vanquished.

Grand Total: 1278 creatures vanquished

Notes
Turn   | Place    | Note
-------+----------+-------------------------------------------
     0 | D:1      | empire the Minotaur Fighter began the quest for the Orb.
     0 | D:1      | Reached XP level 1. HP: 19/19 MP: 0/0
    87 | D:1      | Reached XP level 2. HP: 27/27 MP: 1/1
   138 | D:1      | Reached skill level 3 in Long Blades
   371 | D:1      | Reached XP level 3. HP: 33/33 MP: 2/2
   804 | D:2      | Noticed Terence
   810 | D:2      | Killed Terence
   810 | D:2      | Reached XP level 4. HP: 40/40 MP: 3/3
   903 | D:2      | Reached skill level 4 in Long Blades
   942 | D:2      | Noticed Sigmund
   955 | D:2      | Killed Sigmund
   955 | D:2      | Reached skill level 5 in Long Blades
   955 | D:2      | Reached XP level 5. HP: 29/47 MP: 4/4
  1448 | D:3      | Noticed an ogre
  1451 | D:3      | Killed an ogre
  1451 | D:3      | Reached skill level 5 in Fighting
  1451 | D:3      | Reached skill level 5 in Armour
  1451 | D:3      | Reached skill level 5 in Shields
  1451 | D:3      | Reached XP level 6. HP: 56/56 MP: 5/5
  2009 | D:3      | Noticed Natasha
  2013 | D:3      | Killed Natasha
  2225 | D:3      | Noticed Jessica
  2230 | D:3      | Killed Jessica
  2230 | D:3      | Reached skill level 6 in Long Blades
  2231 | D:3      | Noticed Natasha
  2247 | D:3      | Killed Natasha
  2247 | D:3      | Reached XP level 7. HP: 51/61 MP: 6/6
  2288 | D:3      | Found an ancient bone altar of Kikubaaqudgha.
  2356 | D:4      | Noticed Duvessa
  2359 | D:4      | Noticed Dowan
  2426 | D:3      | Noticed Natasha
  2430 | D:3      | Killed Natasha
  2666 | D:4      | Killed Dowan
  2768 | D:4      | Noticed Edmund
  2775 | D:4      | Killed Edmund
  2775 | D:4      | Reached skill level 7 in Long Blades
  2797 | D:4      | Found a glowing drain.
  2806 | Sewer    | Entered a sewer
  3077 | Sewer    | Reached XP level 8. HP: 70/70 MP: 7/7
  3165 | Sewer    | Reached skill level 1 in Dodging
  3615 | D:5      | Entered Level 5 of the Dungeon
  3700 | D:5      | Reached skill level 8 in Long Blades
  4047 | D:5      | Found a staircase to the Ecumenical Temple.
  4056 | Temple   | Entered the Ecumenical Temple
  4317 | Temple   | Became a worshipper of Cheibriados the Contemplative
  5235 | D:7      | Found Rauxt's Jewellery Emporium.
  5324 | D:7      | Reached * piety under Cheibriados
  5339 | D:7      | Reached XP level 9. HP: 63/78 MP: 8/8
  5483 | D:7      | Reached skill level 9 in Long Blades
  5958 | D:8      | Reached ** piety under Cheibriados
  5965 | D:8      | Reached skill level 5 in Dodging
  6286 | D:8      | Reached skill level 10 in Long Blades
  6324 | D:8      | Reached *** piety under Cheibriados
  6624 | D:9      | Noticed a troll
  6628 | D:9      | Reached XP level 10. HP: 60/88 MP: 9/9
  6828 | D:9      | Reached **** piety under Cheibriados
  7274 | D:9      | Reached skill level 11 in Long Blades
  7382 | D:9      | Noticed a two-headed ogre
  7390 | D:9      | Killed a two-headed ogre
  7457 | D:9      | Reached ***** piety under Cheibriados
  7566 | D:10     | Entered Level 10 of the Dungeon
  7769 | D:10     | Noticed a two-headed ogre
  7775 | D:10     | Reached XP level 11. HP: 55/97 MP: 10/10
  7779 | D:10     | Noticed Nergalle
  7783 | D:10     | Killed a two-headed ogre
  7812 | D:10     | Killed Nergalle
  7826 | D:10     | Found a staircase to the Lair.
  8046 | D:10     | Reached skill level 12 in Long Blades
  8702 | D:11     | Noticed Erica
  8709 | D:11     | Killed Erica
  8991 | D:11     | Found a portal to a secret trove of treasure.
  9619 | D:12     | Reached ****** piety under Cheibriados
  9650 | D:12     | Reached skill level 10 in Armour
  9719 | D:12     | Found the +9 sword of Zonguldrok {reap}
  9732 | D:12     | Found a sacrificial altar of Ru.
  9793 | D:12     | Reached skill level 10 in Dodging
  9895 | D:12     | Reached skill level 10 in Shields
  9913 | D:12     | Reached skill level 10 in Fighting
  9918 | D:12     | Reached XP level 12. HP: 106/106 MP: 11/11
  9920 | D:12     | Noticed Josephine
  9929 | D:12     | Killed Josephine
  9929 | D:12     | Reached skill level 13 in Long Blades
  9952 | D:12     | Found Meuhy's Antique Armour Boutique.
 10216 | D:12     | Found a staircase to the Orcish Mines.
 10631 | D:12     | Noticed a centaur warrior
 10636 | D:12     | Killed a centaur warrior
 11404 | D:13     | Noticed a centaur warrior
 11406 | D:13     | Killed a centaur warrior
 11882 | D:13     | Found a gate to the Vaults.
 11882 | D:13     | Noticed a vault guard
 11885 | D:13     | Killed a vault guard
 11885 | D:13     | Reached skill level 14 in Long Blades
 12051 | D:14     | Noticed a centaur warrior
 12056 | D:14     | Killed a centaur warrior
 12347 | D:13     | Noticed a catoblepas
 12372 | D:13     | Killed a catoblepas
 12378 | D:13     | Reached XP level 13. HP: 44/116 MP: 12/12
 13666 | D:15     | Entered Level 15 of the Dungeon
 13666 | D:15     | Found a staircase to the Depths.
 13671 | D:15     | Reached skill level 15 in Long Blades
 14614 | D:15     | Found a glowing silver altar of Zin.
 14614 | D:15     | Noticed an angel
 14820 | Lair:1   | Entered Level 1 of the Lair of Beasts
 15394 | Lair:1   | Got a fine falchion
 15395 | Lair:1   | Identified the +10 falchion of the Old World {elec, rPois
                  | Dex+3} (You found it on level 1 of the Lair of Beasts)
 15712 | Lair:2   | Found a staircase to the Shoals.
 15726 | Lair:2   | Reached XP level 14. HP: 126/126 MP: 13/13
 16204 | Lair:3   | Learned a level 2 spell: Blink
 16211 | Lair:3   | Reached skill level 16 in Long Blades
 16382 | Lair:3   | Found a staircase to the Snake Pit.
 16496 | Lair:3   | Reached skill level 1 in Translocations
 16501 | Lair:3   | Reached skill level 1 in Spellcasting
 17021 | Lair:4   | Noticed Sonja
 17030 | Lair:4   | Killed Sonja
 17288 | Lair:4   | Got an ancient leather armour
 18470 | Lair:5   | Learned a level 9 spell: Shatter
 18477 | Lair:5   | Learned a level 6 spell: Statue Form
 18745 | Lair:5   | Found a staircase to the Slime Pits.
 18745 | Lair:5   | Found a viscous altar of Jiyva.
 19088 | Lair:6   | Entered Level 6 of the Lair of Beasts
 19211 | Lair:6   | Reached skill level 1 in Invocations
 19211 | Lair:6   | Reached skill level 1 in Evocations
 19310 | Lair:6   | Reached skill level 1 in Transmutations
 19310 | Lair:6   | Reached skill level 1 in Earth Magic
 19433 | Lair:6   | Reached XP level 15. HP: 110/135 MP: 17/17
 19903 | Lair:6   | Got a jewelled morningstar
 21102 | Orc:1    | Entered Level 1 of the Orcish Mines
 21177 | Orc:1    | Found a frozen archway.
 21251 | IceCv    | Entered an ice cave
 21858 | Orc:1    | Found a roughly hewn altar of Beogh.
 22196 | Orc:2    | Entered Level 2 of the Orcish Mines
 22197 | Orc:2    | Noticed an orc warlord
 22209 | Orc:2    | Killed an orc warlord
 22361 | Orc:2    | Found a roughly hewn altar of Beogh.
 22362 | Orc:2    | Found Goytosed's Armour Shop.
 22440 | Orc:2    | Found a roughly hewn altar of Beogh.
 22473 | Orc:2    | Found a staircase to the Elven Halls.
 22605 | Orc:2    | Found a roughly hewn altar of Beogh.
 22738 | Orc:2    | Noticed an orc warlord
 22759 | Orc:2    | Killed an orc warlord
 23053 | Orc:2    | Noticed an orc warlord
 23070 | Orc:2    | Killed an orc warlord
 23133 | Orc:2    | Noticed Rupert
 23135 | Orc:2    | Paralysed by Rupert for 3 turns
 23153 | Orc:2    | Killed Rupert
 23224 | Orc:2    | Found a roughly hewn altar of Beogh.
 23415 | Orc:2    | Found a roughly hewn altar of Beogh.
 23422 | Orc:2    | Found Ihuipt's Jewellery Shop.
 23530 | Orc:2    | Found Kesothick's Antique Weapon Shop.
 23531 | Orc:2    | Found a roughly hewn altar of Beogh.
 23532 | Orc:2    | Found Heelacw's Antique Armour Boutique.
 23672 | Elf:1    | Entered Level 1 of the Elven Halls
 23760 | Elf:1    | Reached XP level 16. HP: 82/144 MP: 20/20
 23895 | Elf:1    | Cast into level 4 of the Abyss (a deep elf sorcerer)
 24063 | Abyss:4  | Noticed a bone dragon
 24077 | Abyss:4  | Killed a bone dragon
 24086 | Abyss:4  | Noticed a profane servitor
 24098 | Abyss:4  | Killed a profane servitor
 24278 | Abyss:4  | Noticed a bone dragon
 24293 | Abyss:4  | Killed a bone dragon
 24300 | Elf:1    | Escaped the Abyss
 24322 | Elf:1    | Noticed a Hell Sentinel
 24339 | Elf:1    | Noticed a Brimstone Fiend
 24340 | Elf:1    | Reached skill level 5 in Invocations
 24350 | Elf:1    | HP: 6/130 [something (3)]
 25416 | Shoals:1 | Entered Level 1 of the Shoals
 25506 | Shoals:1 | Noticed Louise
 25515 | Shoals:1 | Killed Louise
 25515 | Shoals:1 | Reached skill level 5 in Evocations
 25625 | Shoals:1 | Reached XP level 17. HP: 124/152 MP: 22/22
 25627 | Shoals:1 | Reached skill level 5 in Translocations
 26155 | Shoals:2 | Noticed Ilsuiw
 26207 | Shoals:2 | HP: 6/152 [drowned by a water elemental[Ilsuiw] (6)]
 26211 | Shoals:2 | Killed Ilsuiw
 26656 | Shoals:2 | Reached skill level 5 in Earth Magic
 26827 | Shoals:2 | Noticed Nikola
 26831 | Shoals:2 | Killed from afar by Nikola

Skill      XL: |  1  2  3  4  5  6  7  8  9 10 11 12 13 14 15 16 17 |
---------------+----------------------------------------------------+-----
Long Blades    | 3 5 6 7 8 10 11 12 14 15 16 | 16.0
Shields        | 4 5 6 7 8 10 11 12 13 14 | 14.2
Fighting       | 4 5 6 7 9 10 11 12 13 14 | 14.3
Armour         | 4 5 6 7 8 9 10 11 12 13 14 | 14.4
Dodging        | 4 6 8 10 11 12 13 14 | 14.0
Translocations | 2 4 5 |  5.0
Spellcasting   | 2 3 4 |  4.7
Invocations    | 1 4 5 |  5.9
Evocations     | 1 3 5 |  5.3
Transmutations | 1 3 4 |  4.9
Earth Magic    | 1 3 4 5 |  5.0

Action                   |  1- 3 |  4- 6 |  7- 9 | 10-12 | 13-15 | 16-18 || total
-------------------------+-------+-------+-------+-------+-------+-------++-------
Melee: Long sword        |   107 |   108 |   451 |   390 |       |       ||  1056
       Headbutt          |    12 |    22 |   111 |   252 |   389 |   119 ||   905
       Scimitar          |       |       |       |    53 |    24 |       ||    77
       Double sword      |       |       |       |   140 |   570 |   357 ||  1067
       Falchion          |       |       |       |       |   381 |       ||   381
Invok: Slouch            |       |       |       |       |       |     1 ||     1
Evoke: Wand              |       |       |       |       |     2 |     3 ||     5
       Phial of floods   |       |       |       |       |       |     1 ||     1
  Use: Scroll            |     4 |     3 |     1 |    16 |    15 |     4 ||    43
       Potion            |       |       |       |     3 |     2 |     8 ||    13
 Stab: Distracted        |       |       |       |     3 |     6 |     2 ||    11
  Eat: Chunk             |       |     5 |    13 |     6 |    18 |     2 ||    44
       Ration            |       |       |       |     2 |     1 |     1 ||     4
Armor: Scale mail        |    46 |    40 |   150 |    83 |   167 |    79 ||   565
Dodge: Dodged            |    36 |    35 |   239 |   269 |   706 |   295 ||  1580
Block: Shield            |    57 |    60 |   279 |   377 |  1265 |   537 ||  2575
       Reflection        |       |       |       |     6 |    38 |    51 ||    95
       Rpst.: Long sword |    11 |    13 |    66 |    25 |       |       ||   115
       Scimitar          |       |       |       |     8 |     3 |       ||    11
       Double sword      |       |       |       |    28 |    92 |    55 ||   175
       Falchion          |       |       |       |       |    47 |       ||    47
